 Dungeon Crawl Stone Soup version 0.27-a0-1529-g1e82c303ef (webtiles) character file.

Game seed: 4868069991881925036

82 Demosthentine the Poker (level 4, -2/35 HPs)
             Began as a Merfolk Gladiator on July 11, 2021.
             Was a Follower of Elyvilon.
             Succumbed to a scorpion's poison
             ... on level 4 of the Dungeon.
             The game lasted 00:01:59 (1953 turns).

Demosthentine the Poker (Merfolk Gladiator)         Turns: 1953, Time: 00:02:00

Health: -2/35      AC:  5    Str: 15    XL:     4   Next: 43%
Magic:  4/4        EV: 13    Int:  7    God:    Elyvilon [*.....]
Gold:   78         SH:  0    Dex: 15    Spells: 3/3 levels left

rFire    . . .     SeeInvis .   a - +0 trident
rCold    . . .     Faith    .   (no shield)
rNeg     . . .     Spirit   .   b - +0 leather armour
rPois    .         Reflect  .   c - +0 helmet
rElec    .         Harm     .   (no cloak)
rCorr    .         Rampage  .   (no gloves)
Will     .....                  h - +0 pair of boots
Stlth    +.........             (no amulet)
HPRegen  0.11/turn              (no ring)
MPRegen  0.09/turn              (no ring)

@: lethally poisoned (-2 -> -17)
A: (nimble swimmer 2), mertail
a: Renounce Religion, Lesser Healing, Divine Protection


You were on level 4 of the Dungeon.
You worshipped Elyvilon.
Elyvilon was aware of your devotion.
You visited 1 branch of the dungeon, and saw 3 of its levels.

You collected 78 gold pieces.

Inventory:

Hand Weapons
 a - a +0 trident (weapon)
Missiles
 d - 2 throwing nets (quivered)
Armour
 b - a +0 leather armour (worn)
 c - a +0 helmet (worn)
 h - a +0 pair of boots (worn)
Potions
 e - 2 potions of heal wounds {unknown}
 f - a potion of flight {unknown}
 g - a potion of degeneration {unknown}
 j - a potion of attraction {unknown}


   Skills:
 + Level 3.1 Fighting
 + Level 5.3 Polearms
 - Level 2.0 Throwing
 + Level 1.2 Armour
 + Level 4.8 Dodging


You had 3 spell levels left.
You didn't know any spells.
Your spell library was empty.

Dungeon Overview and Level Annotations

Branches:
Dungeon (2/15)

Altars:
Elyvilon


Innate Abilities, Weirdness & Mutations

((You are quick and stealthy near water. (Stealth+, EV+, Speed+++)))
Your lower body shifts to a powerful aquatic tail in water.


Message History

An orc comes into view. It is wielding a +0 hand axe.
The orc shouts!
You hear a bark!
Unknown command.
You barely miss the orc. The orc barely misses you.
A scorpion comes into view.
Unknown command.
You closely miss the orc. The orc hits you but does no damage.
Unknown command.
The adder skeleton completely misses you.
You see here an adder corpse.
You completely miss the adder skeleton.
The adder skeleton bites you but does no damage.
The orc hits you with a +0 hand axe.
* * * LOW HITPOINT WARNING * * *
You hit the adder skeleton.
The adder skeleton is lightly damaged.
The adder skeleton barely misses you. The orc closely misses you.
You puncture the adder skeleton!
The adder skeleton is almost destroyed.
The adder skeleton bites you.
* * * LOW HITPOINT WARNING * * *
The orc misses you.
You puncture the adder skeleton!
You destroy the adder skeleton!
The orc barely misses you.
The jackal barks!
You hear a bark!
You hear a shout!
Found an emerald potion.
Really walk into that dispersal trap?
You enter a dispersal trap!
The orc blinks!
The scorpion blinks! x2
The orc blinks! x2; The jackal blinks! x2; You blink.
The jackal barks! x2
Unknown command.
A hobgoblin and an orc come into view.
The orc shouts!
The hobgoblin shouts!
The scorpion stings you.
* * * LOW HITPOINT WARNING * * *
You are lethally poisoned!
The scorpion poisons you!
Found an orange potion.
You die...

######### #.......# ..!..
............## .....
...!.........#...... #
.............#...... #.
...........#...... #..
.............o... ....
#......@....g........ .. .....
##..........###.....##..
......####.^....s....##.........
......'§†......ho...............
......####......................
..... #..h..h....#..h........
.... .....h.......#...........
... .........###....#........ ..
.........# ##..........#


You could see a scorpion, 2 orcs, 4 jackals and a hobgoblin.

Vanquished Creatures
  Terence (D:2)
  3 adders
  2 adder skeletons (D:4)
  A worm (D:4)
  2 ball pythons
  3 endoplasms
  2 hobgoblins
  2 kobolds (D:2)
  3 bats
  A frilled lizard (D:2)
  4 goblins
  A rat (D:2)
25 creatures vanquished.

Notes
Turn   | Place    | Note
-------+----------+-------------------------------------------
     0 | D:1      | Demosthentine the Merfolk Gladiator began the quest for the
                  | Orb.
     0 | D:1      | Reached XP level 1. HP: 16/16 MP: 1/1
    53 | D:1      | Found a faded altar of an unknown god.
   735 | D:2      | Found a white marble altar of Elyvilon.
   746 | D:2      | Reached XP level 2. HP: 8/23 MP: 2/2
  1068 | D:2      | Reached XP level 3. HP: 4/28 MP: 3/3
  1095 | D:2      | Became a worshipper of Elyvilon the Healer
  1484 | D:2      | Noticed Terence
  1496 | D:2      | Killed Terence
  1497 | D:2      | Reached skill level 5 in Polearms
  1497 | D:2      | Reached skill level 1 in Armour
  1497 | D:2      | Reached XP level 4. HP: 17/35 MP: 4/4
  1823 | D:2      | You fall into a shaft and drop 2 floors!
  1885 | D:4      | Noticed a scorpion
  1892 | D:4      | Reached * piety under Elyvilon
  1941 | D:4      | Noticed a scorpion
  1953 | D:4      | Succumbed to a scorpion's poison

Illustrated notes

Levels and vault maps discovered:
D:1:      mushboom_english_gardens, layout_basic,
          dreamdust_ecumenical_altar_angels_and_demons, minivault_19
D:2:      layout_rooms, basic_altar, uniq_terence
D:4:      layout_basic, minitemple

Skill      XL: |  1  2  3 |
---------------+----------+-----
Fighting       | 3 |  3.1
Polearms       | 5 |  5.3
Armour         | 1 |  1.2
Throwing       | |  2.0
Dodging        | |  4.8

Action                   |  1- 3 |  4- 6 || total
-------------------------+-------+-------++-------
Melee: Trident           |    89 |    27 ||   116
Throw: Throwing net      |     1 |       ||     1
  Use: Scroll            |     1 |     1 ||     2
 Stab: Distracted        |     1 |       ||     1
Armor: Leather armour    |    22 |     7 ||    29
Dodge: Dodged            |    62 |    25 ||    87

Table legend: (Time is in decaauts)
 A = Elapsed time spent in this place.
 B = Non-inter-level travel time spent in this place.
 C = Inter-level travel time spent in this place.
 D = Time resting spent in this place.
 E = Time spent auto-exploring this place.
 F = Levels seen in this place.
 G = Mean time per level.
                   A        B        C        D        E       F      G
               +--------+--------+--------+--------+--------+-----+--------+
         Total |   1959 |   1933 |     26 |     36 |   1632 |   3 |  653.0 |
       Dungeon |   1959 |   1933 |     26 |     36 |   1632 |   3 |  653.0 |
               +--------+--------+--------+--------+--------+-----+--------+

Top non-repeatable levels by time:
     D:2: 1092 daAuts
     D:1: 736 daAuts
     D:4: 130 daAuts
